 Dungeon Crawl Stone Soup version 0.21-a0 (webtiles) character file.

62 Chiseanne the Slasher (level 4, 0/36 HPs)
             Began as a Barachi Wanderer on May 19, 2017.
             Slain by a hobgoblin
             ... wielding a +0 whip
              (6 damage)
             ... on level 2 of the Dungeon.
             The game lasted 00:03:04 (1401 turns).

Chiseanne the Slasher (Barachi Wanderer)            Turns: 1401, Time: 00:03:05

Health: 0/36       AC:  6    Str: 12    XL:     4   Next: 8%
Magic:  5/5        EV: 11    Int: 14    God:
Gold:   141        SH:  0    Dex: 12    Spells: 3/3 levels left

rFire    . . .     SeeInvis .   a - +0 falchion
rCold    . . .     Gourm    .   (no shield)
rNeg     . . .     Faith    .   p - +0 ring mail
rPois    .         Spirit   .   (no helmet)
rElec    .         Reflect  .   (no cloak)
rCorr    .         Harm     .   (no gloves)
MR       .....                  d - +0 pair of boots
Stlth    +.........             (no amulet)
Regen    0.2/turn               (no ring)
MPRegen  0.1/turn               (no ring)

@: slow
A: +LOS, swims, slowness 1, strong legs 1
a: Hop


You were on level 2 of the Dungeon.
You were not hungry.

You visited 1 branch of the dungeon, and saw 2 of its levels.

You collected 141 gold pieces.

Inventory:

Hand Weapons
 a - a +0 falchion (weapon)
Missiles
 b - 10 poisoned needles
 e - 34 stones (quivered)
 h - 21 sling bullets
 l - 10 arrows
Armour
 d - a +0 pair of boots (worn)
 p - a +0 ring mail (worn)
Wands
 c - a wand of enslavement (15/24)
Potions
 k - a potion of degeneration {unknown}
 n - a potion of lignification {unknown}
Comestibles
 f - 3 bread rations
 q - a chunk of flesh


   Skills:
 * Level 3.6 Fighting
 - Level 4.8 Long Blades
   Level 1.1 Staves
 * Level 1.9 Dodging
 - Level 1.7 Stealth
 * Level 2.5 Evocations


You had 3 spell levels left.
You didn't know any spells.

Dungeon Overview and Level Annotations

Branches:
Dungeon (2/15)

Altars:


Innate Abilities, Weirdness & Mutations

Shadows flee at your approach. (+LOS)
You can swim through water.
You cover ground slowly.
You can hop short distances.


Message History

You hit the leopard gecko.
The leopard gecko is almost dead.
You feel sick.
The leopard gecko bites you but does no damage.
You closely miss the leopard gecko.
The leopard gecko is almost dead.
The leopard gecko bites you.
* * * LOW HITPOINT WARNING * * *
The leopard gecko bites you but does no damage.
You closely miss the leopard gecko.
The leopard gecko is almost dead.
The leopard gecko bites you but does no damage.
You hit the leopard gecko.
You kill the leopard gecko!
You feel sick.
You are no longer poisoned.
The hobgoblin barely misses you.
You riposte.
You barely miss the hobgoblin.
There is a stone staircase leading up here.
The hobgoblin hits you with a whip.
You die...

*,*,**,**#..,,,,,,,* *,* *,
*,,,,,** #.#******,****,* *,
**,**** #.# *,,,,,,* *, *,*
#.# *,****** *, *,* #.# *,* *,
*,* #.# *,* *, *,* #.# *,* *,
*,* #.#######.# *, *,****
#.@!......# *,
****,,,,***###g####### *,
**,,,,**,,,* #l# *,
*,,**,,*#..####.# *****,
*,**,*,,#...g)†.# *,<,,,
*,*,,,%#...######***** *,**,,
*,,,*,..,*,*
*,,,,,,,*****,**,,
**,*,,*,**,*
*,,,,,,,,,,,,,**,,
*,**,,**,,***,,,,,,,*****,**,*


You could see a hobgoblin and a frilled lizard.

Vanquished Creatures
  2 adders (D:2)
  2 oozes (D:1)
  A worm (D:2)
  2 leopard geckos
  A ball python (D:1)
  4 bats (D:1)
  2 goblins (D:1)
  6 hobgoblins (D:1)
  7 kobolds
  3 frilled lizards
  3 rats
33 creatures vanquished.

Notes
Turn   | Place    | Note
-------+----------+-------------------------------------------
     0 | D:1      | Chiseanne the Barachi Wanderer began the quest for the Orb.
     0 | D:1      | Chiseanne set off with: a wand of enslavement (15/24), a +0 spear, a +0 falchion, a +0 robe, a +0 dagger, a bread ration
     0 | D:1      | Reached XP level 1. HP: 17/17 MP: 1/1
   423 | D:1      | Reached XP level 2. HP: 18/23 MP: 1/3
   632 | D:1      | Reached skill level 1 in Dodging
   734 | D:1      | Reached XP level 3. HP: 29/29 MP: 4/4
  1387 | D:2      | Reached XP level 4. HP: 12/36 MP: 5/5
  1401 | D:2      | Slain by a hobgoblin

Vault maps used:
D:1:      onia_arrival_pentagram, moated_statue
D:2:      first_bread, minmay_pentomino_w4

Skill      XL: |  1  2 |
---------------+-------+-----
Fighting       | 3 |  3.6
Dodging        | 1 |  1.9
Evocations     | 2 |  2.5
Long Blades    | |  4.8
Staves         | |  1.1
Stealth        | |  1.7

Action                   |  1- 3 |  4- 6 || total
-------------------------+-------+-------++-------
Melee: Falchion          |   112 |     9 ||   121
  Use: Scroll            |     4 |       ||     4
 Stab: Sleeping          |     2 |       ||     2
  Eat: Chunk             |     2 |       ||     2
Armor: Robe              |    14 |       ||    14
       Ring mail         |    23 |     4 ||    27
Dodge: Dodged            |    88 |     4 ||    92
       Rpst.: Falchion   |    34 |     2 ||    36
